 Dungeon Crawl Stone Soup version 0.18.1-5-g4a78601 (webtiles) character file.

431 Geppetto the Magician (level 6, -1/24 HPs)
             Began as a Felid Venom Mage on May 13, 2016.
             Slain by an iguana (14 damage)
             ... on level 4 of the Dungeon.
             The game lasted 00:34:08 (5299 turns).

Geppetto the Magician (Felid Venom Mage)            Turns: 5299, Time: 00:34:08

Health: -1/24      AC:  2    Str:  4    XL:     6   Next: 66%
Magic:  1/14       EV: 18    Int: 18    God:
Gold:   180        SH:  0    Dex: 17    Spells: 3 memorised, 9 levels left
                                        Lives:  0   Deaths: 1

rFire  . . .     SeeInvis +     (weapon unavailable)
rCold  . . .     Gourm    .     (armour unavailable)
rNeg   . . .     Faith    .     (shield unavailable)
rPois  .         Spirit   .     (helmet unavailable)
rElec  .         Dismiss  .     (cloak unavailable)
rCorr  .         Reflect  .     (gloves unavailable)
SustAt .         Harm     .     (boots unavailable)
MR     .....                    (no amulet)
Stlth  +++.......               (no ring)
                                (no ring)

@: quick, not resistant to hostile enchantments, fairly stealthy
A: no armour, no weapons or thrown items, claws 1, fangs 3, see invisible,
carnivore 3, speed 1, shaggy fur 2, slow metabolism 1, sharp paws
a: no special abilities


You were on level 4 of the Dungeon.
You were completely stuffed.

You visited 1 branch of the dungeon, and saw 4 of its levels.
You also visited: Sewer.

You collected 180 gold pieces.

Inventory:

Jewellery
 e - an uncursed ring of teleportation
 m - an uncursed ring of ice
 o - a -2 ring of intelligence
Wands
 k - a wand of lightning (5/15)
 t - a wand of heal wounds (4/9)
Scrolls
 c - 2 scrolls of immolation
 l - 3 scrolls of enchant armour
 n - a scroll of teleportation
 p - a scroll of remove curse
 s - a scroll of enchant weapon {unknown}
Potions
 d - 5 potions of curing
 f - 2 potions of flight
 g - 2 potions of heal wounds {unknown}
 h - a potion of cancellation {unknown}
 r - a potion of cure mutation {unknown}
Books
 a - a Young Poisoner's Handbook

   Spells                             Type                      Level
   a - Sting                          Conjuration/Poison           1
   b - Cure Poison                    Poison                       2
   c - Mephitic Cloud                 Conjuration/Poison/Air       3
   d - Olgreb's Toxic Radiance        Poison                       4
   e - Venom Bolt                     Conjuration/Poison           5
 i - a book of Ice

   Spells                             Type                      Level
   a - Ice Form                       Ice/Transmutation            4
   b - Metabolic Englaciation         Hexes/Ice                    5
   c - Ozocubu's Refrigeration        Ice                          6
   d - Bolt of Cold                   Conjuration/Ice              6
   e - Freezing Cloud                 Conjuration/Ice/Air          6
   f - Simulacrum                     Ice/Necromancy               6
 u - a book of Party Tricks

   Spells                             Type                      Level
   a - Summon Butterflies             Summoning                    1
   b - Apportation                    Translocation                1
   c - Tukima's Dance                 Hexes                        3
   d - Alistair's Intoxication        Transmutation/Poison         5
   e - Invisibility                   Hexes                        6
Comestibles
 b - a meat ration
 j - a slice of pizza
 q - a beef jerky


   Skills:
 - Level 0.2 Fighting
 - Level 2.6 Dodging
 - Level 2.9 Stealth
 - Level 5.2 Spellcasting
 * Level 3.8 Conjurations
 - Level 3.0 Air Magic
 - Level 3.6 Poison Magic


You had 9 spell levels left.
You knew the following spells:

 Your Spells              Type           Power        Failure   Level  Hunger
a - Sting                 Conj/Pois      ###.         2%          1    None
b - Cure Poison           Pois           ###.......   6%          2    #......
c - Mephitic Cloud        Conj/Pois/Air  ###.....     12%         3    ##.....


Dungeon Overview and Level Annotations

Branches:
Dungeon (4/15)
 Temple: D:4-7

Altars:
Pakellas

Shops:
D:3 }

Annotations:
D:3 whitenoisemaker's ghost, weakling DsSu


Innate Abilities, Weirdness & Mutations

You cannot wear armour.
You are incapable of wielding weapons or throwing items.
You have sharp claws.
You have razor-sharp teeth.
You have supernaturally acute eyesight.
You are carnivorous and can eat meat at any time.
You cover ground quickly.
You are covered in thick fur (AC +2).
You have a slow metabolism.
Your sharp claws are effective at attacking unaware monsters.


Message History

Aim: an iguana (moderately wounded)
The sting misses the iguana.
The iguana closely misses you.
Casting: Sting
Confirm with . or Enter, or press ? or * to list all spells.
Aiming: Sting
Press: ? - help, Shift-Dir - straight line, f/p - iguana
Aim: an iguana (moderately wounded)
The sting hits the iguana.
The iguana appears unharmed.
The iguana is moderately wounded.
The iguana barely misses you.
Casting: Sting
Confirm with . or Enter, or press ? or * to list all spells.
Aiming: Sting
Press: ? - help, Shift-Dir - straight line, f/p - iguana
Aim: an iguana (moderately wounded)
The sting hits the iguana.
The iguana appears unharmed.
The iguana is moderately wounded.
The iguana bites you!
Ouch! That really hurt!
You die...

#......(. #........
#)....... .####........
..ooo........
.#######.##.# #.##.#
################# #.....
......l@........###.##.#
###############..##.##.#
##### #..##.##.# #...#
#...#.##.# #...####
#.#.#.##..
#################.'..#
#.#.#.##.#
.#.#.......#.#....##.#
#.#...##.#
#.#.#.....#.#.#...##.#
#........#
..#..#...#..#..#..##.#
#.##..#..#


You could see an iguana.

Vanquished Creatures
  Sigmund (D:3)
  A big kobold (Sewer)
  A scorpion (D:4)
  An orc priest (D:4)
  2 orc wizards (D:4)
  Crazy Yiuf (D:3)
  Ijyb (D:3)
  Terence (D:3)
  A worker ant (D:4)
  Natasha (thrice) (D:3)
  2 adders
  A river rat (Sewer)
  An ooze (D:3)
  A worm (D:4)
  A dart slug (D:1)
  2 giant geckos
  2 orcs (D:4)
  7 bats
  6 giant cockroaches
  13 goblins
  5 hobgoblins
  9 jackals
  A quokka (D:3)
  4 giant newts
  11 kobolds
  7 rats
  A fungus (D:3)
87 creatures vanquished.

Notes
Turn   | Place    | Note
--------------------------------------------------------------
     0 | D:1      | Geppetto the Felid Venom Mage began the quest for the Orb.
     0 | D:1      | Reached XP level 1. HP: 7/7 MP: 4/4
   466 | D:1      | Reached skill level 1 in Conjurations
   709 | D:1      | Reached XP level 2. HP: 11/11 MP: 1/6
  1138 | D:2      | Learned a level 2 spell: Cure Poison
  2018 | D:3      | Noticed Terence
  2020 | D:3      | Reached XP level 3. HP: 14/14 MP: 3/7
  2381 | D:3      | Noticed Natasha
  2392 | D:3      | Killed Natasha
  2392 | D:3      | Reached skill level 3 in Spellcasting
  2392 | D:3      | Reached XP level 4. HP: 18/18 MP: 5/9
  2503 | D:3      | Noticed Crazy Yiuf
  2542 | D:3      | Killed Crazy Yiuf
  2637 | D:3      | Noticed Sigmund
  2693 | D:3      | Found an oddly glowing altar of Pakellas.
  2693 | D:3      | Found Pakellas's Prime Provisions.
  2706 | D:3      | Killed Sigmund
  2706 | D:3      | Reached skill level 5 in Spellcasting
  2706 | D:3      | Reached XP level 5. HP: 11/21 MP: 6/13
  2711 | D:3      | Learned a level 3 spell: Mephitic Cloud
  2895 | D:3      | Noticed Ijyb
  3025 | D:3      | Killed Ijyb
  3025 | D:3      | Reached skill level 1 in Air Magic
  3025 | D:3      | Gained mutation: You are covered in thick fur (AC +2). [Felid growth]
  3025 | D:3      | Reached XP level 6. HP: 17/24 MP: 1/14
  3493 | D:3      | Noticed whitenoisemaker's ghost (weakling DsSu)
  3969 | D:3      | Noticed Natasha
  3995 | D:3      | Killed Natasha
  4044 | D:3      | Noticed Natasha
  4051 | D:3      | Killed Natasha
  4128 | D:3      | Killed Terence
  4465 | D:4      | Killed from afar by an orc wizard
  4466 | D:4      | Reached XP level 5. HP: -6/21 MP: 7/13
  4711 | D:4      | Found a glowing drain.
  4747 | Sewer    | Entered a sewer
  4753 | Sewer    | Reached XP level 6. HP: 23/24 MP: 7/14
  4947 | Sewer    | Found a glowing silver altar of Zin.
  5299 | D:4      | Slain by an iguana

Skill      XL: |  1  2  3  4  5  6 |
---------------+-------------------+-----
Conjurations   | 1 2 3 |  3.8
Spellcasting   | 3 5 |  5.2
Air Magic      | 3 2 |  3.0
Fighting       | |  0.2
Dodging        | |  2.6
Stealth        | |  2.9
Poison Magic   | |  3.6

Action                   |  1- 3 |  4- 6 || total
-------------------------+-------+-------++-------
Melee: Unarmed           |    34 |   103 ||   137
       Bite              |     1 |     9 ||    10
 Cast: Sting             |    67 |   157 ||   224
       Mephitic Cloud    |       |     5 ||     5
  Use: Scroll            |     7 |     1 ||     8
       Potion            |       |     1 ||     1
 Stab: Sleeping          |     1 |       ||     1
       Distracted        |       |     1 ||     1
  Eat: Chunk             |    11 |    11 ||    22
Armor: Skin              |     3 |     2 ||     5
Dodge: Dodged            |    30 |   100 ||   130
